 Dungeon Crawl Stone Soup version 0.23-a0-899-gbbae0a3 (webtiles) character file.

Game seed: 898121291878636496

345 Lanoc the Thaumaturge (level 6, 0/47 HPs)
             Began as a Gnoll Wanderer on Jan 29, 2019.
             Was an Initiate of Makhleb.
             Succumbed to a gnoll's poison
             ... on level 4 of the Dungeon.
             The game lasted 00:08:13 (2196 turns).

Lanoc the Thaumaturge (Gnoll Wanderer)              Turns: 2196, Time: 00:08:13

Health: 0/47       AC: 11    Str: 18    XL:     6   Next: 58%
Magic:  18/18      EV:  8    Int: 12    God:    Makhleb [......]
Gold:   96         SH:  0    Dex: 15    Spells: 24/24 levels left

rFire    . . .     SeeInvis .   k - +3 short sword (holy)
rCold    . . .     Gourm    .   (no shield)
rNeg     . . .     Faith    .   q - +0 chain mail
rPois    .         Spirit   .   (no helmet)
rElec    .         Reflect  .   o - +0 cloak
rCorr    .         Harm     .   p - +0 pair of gloves (curse)
MR       .....                  (no boots)
Stlth    ..........             (no amulet)
HPRegen  0.15/turn              (no ring)
MPRegen  0.16/turn              (no ring)

@: lethally poisoned (0 -> -15)
A: distributed training, fangs 1, strong nose
a: Renounce Religion


You were on level 4 of the Dungeon.
You worshipped Makhleb.
Makhleb was noncommittal.
You were not hungry.

You visited 1 branch of the dungeon, and saw 3 of its levels.

You collected 96 gold pieces.

Inventory:

Hand Weapons
 k - a +3 short sword of holy wrath (weapon)
Missiles
 a - a stone (quivered)
 i - 16 sling bullets
 l - 15 poisoned needles
 m - 37 arrows
 n - 27 bolts
Armour
 o - a +0 cloak (worn)
 p - a cursed +0 pair of gloves (worn)
 q - a +0 chain mail (worn)
Scrolls
 j - 2 scrolls of identify
Potions
 e - a potion of flight
Comestibles
 f - 7 rations
 h - 4 chunks of flesh


   Skills:
 + Level 3.2 Fighting
 + Level 2.0 Short Blades
 + Level 2.0 Long Blades
 + Level 2.0 Axes
 + Level 3.2 Maces & Flails
 + Level 2.0 Polearms
 + Level 2.0 Staves
 + Level 2.0 Slings
 + Level 2.0 Bows
 + Level 2.0 Crossbows
 + Level 5.0 Throwing
 + Level 3.2 Armour
 + Level 2.0 Dodging
 + Level 2.0 Stealth
 + Level 2.0 Shields
 + Level 2.0 Unarmed Combat
 + Level 9.5 Spellcasting
 + Level 1.5 Conjurations
 + Level 1.5 Hexes
 + Level 1.5 Charms
 + Level 1.5 Summonings
 + Level 2.6 Necromancy
 + Level 1.5 Translocations
 + Level 1.5 Transmutations
 + Level 1.5 Fire Magic
 + Level 1.5 Ice Magic
 + Level 1.5 Air Magic
 + Level 1.5 Earth Magic
 + Level 1.5 Poison Magic
 + Level 2.2 Invocations
 + Level 2.0 Evocations


You had 24 spell levels left.
You didn't know any spells.
Your spell library contained the following spells:

 Spells                   Type           Power        Failure   Level  Hunger
 Pain                     Necr           ##..         50%         1    None
 Magic Dart               Conj           #...         65%         1    None
 Blink                    Tloc           N/A          78%         2    None
 Call Imp                 Summ           #.......     78%         2    None
 Slow                     Hex            #.......     78%         2    None
 Vampiric Draining        Necr           ##........   86%         3    ##.....
 Conjure Flame            Conj/Fire      #.......     95%         3    ##.....
 Mephitic Cloud           Conj/Pois/Air  #.......     95%         3    ##.....


Dungeon Overview and Level Annotations

Branches:
Dungeon (2/15)

Altars:
Makhleb
Uskayaw

Annotations:
D:4 Pikel


Innate Abilities, Weirdness & Mutations

Your experience applies equally to all skills.
You have very sharp teeth.
Your uncanny sense of smell can sniff out nearby items.


Message History

Press: ? - help, Shift-Dir - straight line, f/p - gnoll
Aim: a gnoll, wielding a +0 halberd of venom You throw a stone.
The stone hits the gnoll.
The gnoll is lightly wounded.
You see here a stone.
a - a stone The adder hisses angrily.
The gnoll closely misses you.
You closely miss the gnoll.
The gnoll is lightly wounded.
The gnoll closely misses you.
You hit the gnoll.
The gnoll is heavily wounded.
The gnoll hits you with a +0 halberd of venom!
* * * LOW HITPOINT WARNING * * *
You are lethally poisoned!
You hit the gnoll.
You kill the gnoll!
Makhleb accepts your kill.
You die...

##.........................
##.....#..................
###.####.##.(......#.....
### ####......)##.....
#(...(....##....
##)S((....).#...#
##..(..#........##
#.)(...#...###..#
##@...###...# #### #..(.(#
##### ###..## #.## ###


You could see an adder.

Vanquished Creatures
  Duvessa (D:4)
  Dowan (D:4)
  A hound (D:4)
  An orc priest (D:4)
  2 orc wizards (D:4)
  3 adders (D:2)
  3 gnolls (D:4)
  An adder skeleton (D:4)
  A dart slug (D:1)
  A giant cockroach (D:2)
  3 goblins (D:1)
  3 hobgoblins
  A quokka (D:4)
  A ball python (D:1)
  6 bats
  3 frilled lizards
  2 kobolds
  3 rats
37 creatures vanquished.

Notes
Turn   | Place    | Note
-------+----------+-------------------------------------------
     0 | D:1      | Reached skill level 9 in Spellcasting
     0 | D:1      | Lanoc the Gnoll Wanderer began the quest for the Orb.
     0 | D:1      | Lanoc set off with the following items: a +0 mace, a +0
                  | robe, a ration; and the following spells available to
                  | memorise: Pain, Magic Dart, Vampiric Draining, Blink, Call
                  | Imp, Slow, Conjure Flame, Mephitic Cloud
     0 | D:1      | Reached XP level 1. HP: 17/17 MP: 10/10
   378 | D:1      | Reached XP level 2. HP: 21/23 MP: 12/12
  1188 | D:2      | Reached XP level 3. HP: 22/28 MP: 13/13
  1406 | D:2      | Found a hide-covered altar of Uskayaw.
  1417 | D:2      | Reached skill level 1 in Invocations
  1756 | D:2      | Found a burning altar of Makhleb.
  1756 | D:2      | Noticed a blizzard demon
  1787 | D:2      | Noticed a smoke demon
  1787 | D:2      | Noticed a neqoxec
  1789 | D:2      | Became a worshipper of Makhleb the Destroyer
  1933 | D:2      | You fall through a shaft for 2 floors!
  1933 | D:4      | Noticed Duvessa
  1933 | D:4      | Noticed Dowan
  1941 | D:4      | Killed Duvessa
  1941 | D:4      | Reached skill level 1 in Short Blades
  1941 | D:4      | Reached skill level 1 in Long Blades
  1941 | D:4      | Reached skill level 1 in Axes
  1941 | D:4      | Reached skill level 1 in Polearms
  1941 | D:4      | Reached skill level 1 in Staves
  1941 | D:4      | Reached skill level 1 in Slings
  1941 | D:4      | Reached skill level 1 in Bows
  1941 | D:4      | Reached skill level 1 in Crossbows
  1941 | D:4      | Reached skill level 1 in Dodging
  1941 | D:4      | Reached skill level 1 in Stealth
  1941 | D:4      | Reached skill level 1 in Shields
  1941 | D:4      | Reached skill level 1 in Unarmed Combat
  1941 | D:4      | Reached skill level 1 in Conjurations
  1941 | D:4      | Reached skill level 1 in Hexes
  1941 | D:4      | Reached skill level 1 in Charms
  1941 | D:4      | Reached skill level 1 in Summonings
  1941 | D:4      | Reached skill level 1 in Translocations
  1941 | D:4      | Reached skill level 1 in Transmutations
  1941 | D:4      | Reached skill level 1 in Fire Magic
  1941 | D:4      | Reached skill level 1 in Ice Magic
  1941 | D:4      | Reached skill level 1 in Air Magic
  1941 | D:4      | Reached skill level 1 in Earth Magic
  1941 | D:4      | Reached skill level 1 in Poison Magic
  1941 | D:4      | Reached skill level 1 in Evocations
  1941 | D:4      | Reached XP level 4. HP: 34/34 MP: 15/15
  1941 | D:4      | Reached XP level 5. HP: 40/40 MP: 16/16
  1942 | D:4      | Killed Dowan
  2073 | D:4      | Reached XP level 6. HP: 32/47 MP: 18/18
  2122 | D:4      | Reached skill level 5 in Throwing
  2151 | D:4      | Noticed a slave
  2152 | D:4      | Noticed a slave
  2152 | D:4      | Noticed a slave
  2153 | D:4      | Noticed Pikel
  2153 | D:4      | Noticed a slave
  2195 | D:4      | HP: 2/47 [gnoll/+0 halberd of venom (7)]
  2196 | D:4      | Succumbed to a gnoll's poison

Vault maps used:
D:1:      minmay_arrival_diagonal_passages, minivault_5
D:2:      lemuel_coloured_pillars_altar, eat_drink_and_be_merry_uskayaw,
          makhleb_altar_promises_db, first_ration, minmay_cupped, uniq_terence,
          uniq_sigmund
D:4:      lemuel_crystal_altar, hellmonk_ghost_happy_afterlife, uniq_duvessa,
          uniq_pikel

Skill      XL: |  1  2  3  4  5  6 |
---------------+-------------------+-----
Spellcasting   | |  9.5
Necromancy     | 2 |  2.6
Invocations    | 1 2 |  2.2
Short Blades   | 1 2 |  2.0
Long Blades    | 1 2 |  2.0
Axes           | 1 2 |  2.0
Polearms       | 1 2 |  2.0
Staves         | 1 2 |  2.0
Slings         | 1 2 |  2.0
Bows           | 1 2 |  2.0
Crossbows      | 1 2 |  2.0
Dodging        | 1 2 |  2.0
Stealth        | 1 2 |  2.0
Shields        | 1 2 |  2.0
Unarmed Combat | 1 2 |  2.0
Conjurations   | 1 |  1.5
Hexes          | 1 |  1.5
Charms         | 1 |  1.5
Summonings     | 1 |  1.5
Translocations | 1 |  1.5
Transmutations | 1 |  1.5
Fire Magic     | 1 |  1.5
Ice Magic      | 1 |  1.5
Air Magic      | 1 |  1.5
Earth Magic    | 1 |  1.5
Poison Magic   | 1 |  1.5
Evocations     | 1 2 |  2.0
Fighting       | 3 |  3.2
Maces & Flails | 3 |  3.2
Armour         | 3 |  3.2
Throwing       | 5 |  5.0

Action                   |  1- 3 |  4- 6 || total
-------------------------+-------+-------++-------
Melee: Spear             |    62 |       ||    62
       Mace              |     1 |       ||     1
       Bite              |    10 |     4 ||    14
       Short sword       |    39 |    43 ||    82
       Punch             |     1 |       ||     1
Throw: Stone             |       |    12 ||    12
  Use: Potion            |     3 |       ||     3
       Scroll            |     2 |     4 ||     6
 Stab: Sleeping          |     2 |       ||     2
  Eat: Chunk             |     3 |     1 ||     4
Armor: Robe              |    17 |       ||    17
       Chain mail        |       |    32 ||    32
Dodge: Dodged            |    59 |    33 ||    92

Table legend:
 A = Non-vault XP
 B = Vault XP
 C = Vault XP percentage of total XP
 D = Non-vault monster count
 E = Vault monster count
 F = Vault count percentage of total count
                 A         B        C        D         E       F
            +---------+---------+-------+---------+---------+-------
      Total |     268 |     225 |  45.6 |      33 |       4 |  10.8
            +---------+---------+-------+---------+---------+-------
        D:1 |      22 |       0 |   0.0 |      14 |       0 |   0.0
        D:2 |      49 |       4 |   7.5 |      10 |       2 |  16.7
        D:4 |     197 |     221 |  52.9 |       9 |       2 |  18.2
            +---------+---------+-------+---------+---------+-------
